 Dungeon Crawl Stone Soup version 0.23-a0-315-ga85b81c (webtiles) character file.

312 Gildeon the Slasher (level 6, -8/47 HPs)
             Began as a Human Fighter on Oct 13, 2018.
             Was an Initiate of Ashenzari.
             Mangled by an ogre
             ... wielding a cursed -3 giant club
              (24 damage)
             ... on level 4 of the Dungeon.
             The game lasted 00:10:05 (3651 turns).

Gildeon the Slasher (Human Fighter)                 Turns: 3651, Time: 00:10:06

Health: -8/47      AC:  7    Str: 17    XL:     6   Next: 71%
Magic:  6/6        EV:  7    Int: 10    God:    Ashenzari [......]
Gold:   144        SH:  9    Dex: 12    Spells: 5/5 levels left

rFire    . . .     SeeInvis .   a - +0 long sword
rCold    . . .     Gourm    .   c - +0 shield
rNeg     + . .     Faith    .   b - +1 scale mail
rPois    .         Spirit   .   (helmet unavailable)
rElec    .         Reflect  .   (no cloak)
rCorr    .         Harm     .   (no gloves)
MR       .....                  (no boots)
Stlth    ..........             (no amulet)
HPRegen  0.15/turn              p - ring of positive energy
MPRegen  0.10/turn              (no ring)

@: no status effects
A: horns 3
a: Curse Item, Renounce Religion


You were on level 4 of the Dungeon.
You worshipped Ashenzari.
Ashenzari was noncommittal.
You were not hungry.

You visited 1 branch of the dungeon, and saw 4 of its levels.

You collected 144 gold pieces.

Inventory:

Hand Weapons
 a - a +0 long sword (weapon)
 e - a +1 dagger of venom
Armour
 b - a +1 scale mail (worn)
 c - a +0 shield (worn)
Jewellery
 p - a ring of positive energy (left hand)
Wands
 h - a wand of enslavement (8)
Scrolls
 j - a scroll of amnesia
Potions
 d - 2 potions of might
 g - 4 potions of curing
 i - 2 potions of heal wounds
 k - 2 potions of flight {unknown}
 l - 2 potions of berserk rage {unknown}
 m - a potion of brilliance {unknown}
 o - a potion of degeneration {unknown}
Comestibles
 f - 7 rations
 n - 6 chunks of flesh


   Skills:
 - Level 3.0 Fighting
 + Level 6.6 Long Blades
 - Level 3.0 Armour
 - Level 3.0 Shields


You had 5 spell levels left.
You didn't know any spells.
Your spell library was empty.

Dungeon Overview and Level Annotations

Branches:
Dungeon (4/15)             Temple (0/1) D:4

Altars:
Ashenzari
Fedhas
Kikubaaqudgha
Vehumet


Innate Abilities, Weirdness & Mutations

You have a pair of large horns on your head.


Message History

The ogre closely misses you.
You hit the ogre. Your headbutt misses the ogre.
The ogre is moderately wounded.
You hit the ogre but do no damage.
The ogre is moderately wounded.
The ogre hits you with a giant club!
You barely miss the ogre.
The ogre is moderately wounded.
The ogre hits you with a giant club!!
You hit the ogre. You headbutt the ogre!
The ogre is almost dead.
You block the ogre's attack.
You hit the ogre but do no damage.
The ogre is almost dead.
The ogre barely misses you.
You hit the ogre.
The ogre is almost dead.
The ogre hits you with a giant club!!
Ouch! That really hurt!
You die...

#.#...).... #...#.#.#..
#..........
##.###########.#.#.#.#.#
...............#.......#
##.#####......####[.####
#.####.# ##.# ...#####.#
#.#####.# ......O@.#
#.......# ..########
#########


You could see an ogre.

Vanquished Creatures
  A scorpion (D:4)
  A howler monkey (D:4)
  Jessica (D:3)
  An iguana (D:4)
  7 adders
  4 oozes
  3 worms (D:2)
  3 leopard geckos
  4 orcs (D:4)
  3 ball pythons (D:1)
  4 bats
  4 giant cockroaches
  9 goblins
  5 hobgoblins
  6 jackals
  2 quokkas
  4 frilled lizards
  9 kobolds
  10 rats
81 creatures vanquished.

Notes
Turn   | Place    | Note
-------+----------+-------------------------------------------
     0 | D:1      | Gildeon the Human Fighter began the quest for the Orb.
     0 | D:1      | Reached XP level 1. HP: 18/18 MP: 1/1
   347 | D:1      | Reached XP level 2. HP: 22/24 MP: 2/2
   737 | D:1      | Reached skill level 3 in Long Blades
   888 | D:1      | Reached XP level 3. HP: 24/29 MP: 3/3
  1048 | D:2      | Gained mutation: You have a pair of small horns on your
                  | head. [potion of mutation]
  1048 | D:2      | Gained mutation: You have a pair of horns on your head.
                  | [potion of mutation]
  1048 | D:2      | Gained mutation: You have a pair of large horns on your
                  | head. [potion of mutation]
  1245 | D:2      | Reached skill level 4 in Long Blades
  1245 | D:2      | Reached XP level 4. HP: 26/35 MP: 4/4
  1328 | D:2      | Found a blossoming altar of Fedhas.
  1370 | D:2      | Found an ancient bone altar of Kikubaaqudgha.
  1927 | D:3      | Noticed Jessica
  1942 | D:3      | Killed Jessica
  1942 | D:3      | Reached skill level 5 in Long Blades
  1942 | D:3      | Reached XP level 5. HP: 10/41 MP: 5/5
  2581 | D:3      | Found a radiant altar of Vehumet.
  2917 | D:4      | Reached XP level 6. HP: 27/47 MP: 6/6
  3154 | D:4      | Found a shattered altar of Ashenzari.
  3168 | D:4      | Became a worshipper of Ashenzari the Shackled
  3211 | D:4      | Reached skill level 6 in Long Blades
  3412 | D:4      | Found a staircase to the Ecumenical Temple.
  3643 | D:4      | Noticed an ogre
  3651 | D:4      | Mangled by an ogre

Vault maps used:
D:1:      minmay_arrival_diagonal_passages
D:2:      marbit_many_paths, lemuel_coloured_pillars_altar
D:3:      vehumet_crystals, first_ration, eino_tiny_chamber, moated_statue,
          uniq_jessica
D:4:      overflow_temple_1_default, minmay_temple_entry_butterflies,
          serial_glass, glass_columns_a, glass_columns_a, glass_columns_b,
          glass_columns_b, glass_columns_a, makhleb_altar_promises_db

Skill      XL: |  1  2  3  4  5  6 |
---------------+-------------------+-----
Long Blades    | 3 4 5 6 |  6.6
Fighting       | |  3.0
Armour         | |  3.0
Shields        | |  3.0

Action                   |  1- 3 |  4- 6 || total
-------------------------+-------+-------++-------
Melee: Long sword        |   145 |   149 ||   294
       Headbutt          |     2 |    21 ||    23
  Use: Scroll            |     2 |     5 ||     7
       Potion            |     1 |       ||     1
  Eat: Chunk             |     1 |     8 ||     9
Armor: Scale mail        |    84 |    44 ||   128
Dodge: Dodged            |    40 |    44 ||    84
Block: Shield            |    84 |    76 ||   160
       Rpst.: Long sword |     9 |    16 ||    25

Table legend:
 A = Non-vault XP
 B = Vault XP
 C = Vault XP percentage of total XP
 D = Non-vault monster count
 E = Vault monster count
 F = Vault count percentage of total count
                 A         B        C        D         E       F
            +---------+---------+-------+---------+---------+-------
      Total |     397 |      50 |  11.2 |      79 |       2 |   2.5
            +---------+---------+-------+---------+---------+-------
        D:1 |      42 |       0 |   0.0 |      27 |       0 |   0.0
        D:2 |      70 |      13 |  15.7 |      20 |       1 |   4.8
        D:3 |      29 |      37 |  56.1 |      13 |       1 |   7.1
        D:4 |     256 |       0 |   0.0 |      19 |       0 |   0.0
            +---------+---------+-------+---------+---------+-------
